Map: 애씨드 플랜트 - 래더

Players

Happynaru - Winner!

  • Race: Terran Terran
  • League: Diamond
  • Spawn Location: 11:00

llllllllllll

  • Race: Terran Terran
  • League: Grandmaster
  • Spawn Location: 5:00

VOD

Have the link to the VOD?

Description

Time

  • Played on: Feb. 7, 2018, 1 p.m.
  • Length: 16:25
Show
View Real Time Build Order
Export as new Build Order

Happynaru Terran - Winner!

Build Orders: Reaper Expand 

Get SALT Encoding   

  12  0:01  SCV  
  13  0:14  SCV  
  13  0:17  Supply Depot  
  14  0:26  SCV  
  15  0:39  SCV  
  15  0:41  Barracks  
  16  0:44  Refinery  
  16  0:51  SCV  
  17  1:04  SCV  
  18  1:16  SCV  
  19  1:29  Reaper, Orbital Command  
  20  1:49  Command Center  
  20  1:57  Supply Depot  
  20  1:58  SCV  
  21  2:03  Barracks Reactor  
  20  2:13  SCV  
  21  2:25  SCV  
  21  2:28  Refinery  
  21  2:29  Factory  
  22  2:38  Marine  
  22  2:39  Marine  
  22  2:41  SCV  
  25  2:53  SCV  
  25  2:56  Marine x2  
  27  3:07  Orbital Command  
  27  3:11  SCV  
  27  3:13  Factory Tech Lab  
  27  3:15  Marine x2  
  27  3:16  Starport  
  29  3:23  SCV  
  30  3:33  Marine x2  
  32  3:35  SCV  
  32  3:36  Siege Tank  
  32  3:40  Supply Depot  
  36  3:42  SCV  
  37  3:50  SCV  
  37  3:51  Marine x2  
  37  3:53  Starport Reactor  
  37  3:55  SCV  
  42  4:02  SCV  
  42  4:04  Supply Depot  
  42  4:08  Siege Tank, Marine x2  
  47  4:14  SCV  
  47  4:15  SCV  
  49  4:19  Supply Depot  
  49  4:26  Marine x2  
  49  4:30  Viking, SCV x2  
  55  4:34  Viking  
  57  4:42  SCV  
  58  4:46  SCV, Siege Tank  
  58  4:48  Marine x2  
  64  4:54  SCV  
  62  5:18  SCV  
  62  5:19  SCV  
  61  5:37  Viking x2  
  61  5:39  SCV x2  
  67  5:43  Supply Depot  
  67  5:46  Marine x2  
  67  5:49  Barracks  
  69  5:50  Barracks  
  69  5:52  SCV, Engineering Bay  
  69  5:54  Engineering Bay  
  69  5:55  Command Center  
  70  5:57  Supply Depot  
  70  5:58  SCV  
  71  6:04  Marine x2  
  71  6:05  Siege Tank  
  71  6:08  SCV  
  73  6:27  Marine x2  
  73  6:30  Medivac x2  
  79  6:37  SCV x2  
  78  6:48  Marine x2  
  78  6:50  Barracks Tech Lab  
  78  6:51  Barracks Tech Lab  
  78  6:53  Barracks  
  78  6:54  Barracks  
  80  6:57  SCV  
  80  6:58  SCV  
  80  6:59  Refinery  
  82  7:01  Refinery  
  82  7:06  Marine  
  81  7:09  Marine x2  
  81  7:10  Marine  
  81  7:13  Siege Tank  
  87  7:18  Orbital Command  
  81  7:37  Marine x4  
  81  7:41  Barracks Reactor x2  
  81  7:42  Stimpack  
  85  7:47  SCV x2  
  85  7:50  Orbital Command  
  90  7:52  Terran Infantry Weapons Level 1  
  90  7:54  Marine  
  90  7:55  Marine x3, Refinery  
  90  7:59  SCV  
  90  8:04  Siege Tank  
  80  8:08  Terran Infantry Armor Level 1  
  80  8:09  SCV  
  80  8:11  SCV  
  80  8:12  Marine x3  
  82  8:13  Marine  
  82  8:15  SCV  
  82  8:17  Marine x3  
  82  8:18  Marine  
  91  8:21  SCV  
  91  8:24  SCV  
  93  8:28  SCV  
  93  8:30  Marine x3  
  93  8:31  Armory  
  93  8:33  SCV  
  98  8:36  SCV  
  98  8:37  Marine x3  
  98  8:40  SCV  
  100  8:45  SCV, Siege Tank  
  100  8:48  SCV  
  95  8:52  Marine x5  
  98  9:01  Marine  
  98  9:02  Marine x2  
  91  9:05  SCV  
  91  9:09  Marine  
  87  9:15  SCV x2  
  88  9:17  SCV  
  88  9:22  Terran Vehicle Weapons Level 1  
  86  9:27  SCV x2  
  86  9:29  SCV  
  89  9:33  Marine x3  
  89  9:34  Marine x4  
  89  9:36  Combat Shields  
  96  9:43  Siege Tank  
  99  9:50  Supply Depot x2  
  99  9:51  Missile Turret  
  99  9:52  Marine x2  
  99  9:53  Marine  
  99  9:54  SCV  
  99  9:55  SCV  
  99  9:57  SCV  
  105  10:04  Marine x3  
  105  10:05  Marine  
  109  10:11  SCV, Marine  
  107  10:15  Marine x2  
  107  10:16  Marine  
  107  10:18  Viking x2  
  106  10:22  Marine x3  
  108  10:36  Marine  
  108  10:37  Marine x4  
  108  10:40  Siege Tank, Marine  
  108  10:41  SCV x2  
  108  10:42  Marine  
  107  10:50  SCV  
  107  10:53  SCV x2  
  106  11:02  SCV  
  107  11:04  Marine x2  
  107  11:05  SCV x2  
  107  11:09  Medivac  
  113  11:12  Marine x2  
  113  11:14  SCV  
  113  11:17  SCV x2  
  118  11:23  Marine x6  
  122  11:26  SCV  
  122  11:29  SCV  
  122  11:32  Marine x2  
  101  11:41  Marine x5  
  101  11:44  Marine  
  99  11:50  Marine x2  
  98  11:55  Siege Tank  
  98  11:58  Marine x2  
  98  11:59  Marine x3, Medivac x2  
  110  12:03  Marine  
  110  12:08  Marine x2  
  113  12:16  Marine x3, Terran Infantry Weapons Level 2  
  113  12:17  Marine x2  
  113  12:20  Factory  
  113  12:21  Marine, Terran Infantry Armor Level 2  
  119  12:26  Marine x2  
  119  12:27  Siege Tank  
  110  12:39  Marine x3  
  110  12:44  Terran Vehicle Weapons Level 2  
  113  12:51  Command Center  
  113  12:55  Sensor Tower  
  113  12:59  Siege Tank  
  113  13:01  Sensor Tower  
  113  13:02  Missile Turret  
  113  13:04  Missile Turret  
  116  13:06  Missile Turret  
  116  13:10  Marine x2  
  116  13:11  Marine x2  
  119  13:14  Marine x3  
  122  13:25  Barracks Reactor  
  122  13:28  Marine x3  
  125  13:44  Marine, Medivac x2  
  125  13:45  Supply Depot, Siege Tank  
  133  13:58  SCV  
  133  14:02  SCV, Siege Tank, Marine x7  
  125  14:15  Marine x2  
  125  14:17  Siege Tank  
  129  14:20  Marine x6, Medivac x2  
  129  14:21  Marine  
  140  14:32  Marine  
  140  14:33  Marine  
  140  14:34  Siege Tank  
  140  14:36  Missile Turret  
  140  14:37  Marine x5  
  140  14:38  Marine  
  139  14:49  Siege Tank  
  125  14:55  Planetary Fortress  
  125  15:00  Marine x6  
  125  15:06  Siege Tank, Marine x3  
  137  15:18  Marine x6  
  137  15:21  Siege Tank  
  146  15:24  Marine x3  
  131  15:35  Marine x2  
  131  15:36  Marine x4  
  131  15:41  Marine  
  131  15:42  Marine, Marauder  
  141  15:44  Barracks  
  141  15:49  Barracks  
  141  15:53  Marine x5  
  141  15:54  Marine  
Show
View Real Time Build Order
Export as new Build Order

llllllllllll Terran 

Build Orders: Reaper Expand, MMM Bio 

Get SALT Encoding   

  12  0:01  SCV  
  13  0:13  SCV  
  14  0:17  Supply Depot  
  14  0:25  SCV  
  15  0:39  SCV  
  15  0:40  Barracks  
  16  0:45  Refinery  
  16  0:51  SCV  
  17  1:03  SCV  
  18  1:15  SCV  
  19  1:28  Orbital Command  
  19  1:29  Reaper  
  20  1:44  Command Center  
  19  1:54  Supply Depot  
  19  1:56  SCV  
  20  2:01  Reaper  
  22  2:08  SCV  
  22  2:20  SCV  
  23  2:23  Factory  
  23  2:25  Refinery  
  23  2:32  SCV  
  24  2:42  Barracks Reactor  
  24  2:44  SCV  
  25  2:55  Orbital Command  
  25  2:56  SCV  
  25  3:09  SCV  
  25  3:10  Widow Mine, Starport  
  27  3:18  Marine x2  
  29  3:21  SCV x2  
  31  3:34  SCV  
  31  3:35  Cyclone  
  31  3:36  Marine x2  
  31  3:37  Supply Depot  
  31  3:40  SCV  
  38  3:46  SCV, Medivac  
  41  3:52  SCV  
  41  3:54  Marine x2  
  41  3:55  Supply Depot  
  44  3:58  SCV  
  45  4:08  Command Center  
  45  4:10  SCV x2  
  45  4:12  Marine  
  45  4:13  Marine  
  45  4:16  Medivac  
  51  4:22  SCV  
  52  4:28  Factory Tech Lab  
  52  4:31  SCV  
  52  4:32  Supply Depot, Marine  
  52  4:33  Barracks  
  52  4:34  Marine  
  52  4:35  Barracks  
  52  4:38  SCV  
  56  4:43  Supply Depot, SCV  
  57  4:47  Siege Tank  
  60  4:54  Viking  
  60  4:55  Marine  
  60  5:18  SCV  
  54  5:24  Orbital Command, Marine  
  54  5:26  Stimpack  
  54  5:28  SCV  
  58  5:35  Starport Reactor, Marine, Factory Tech Lab  
  56  5:43  Marine x2  
  56  5:45  Barracks Reactor, Engineering Bay x2  
  56  5:46  SCV  
  56  5:49  Refinery x2  
  59  5:53  Marine  
  59  5:54  Siege Tank  
  63  6:01  SCV, Marine  
  63  6:02  SCV  
  66  6:07  Barracks  
  66  6:08  Marine  
  66  6:10  Barracks  
  66  6:11  Marine  
  70  6:19  Marine  
  70  6:20  Supply Depot x2  
  70  6:21  Marine  
  68  6:26  Marine  
  68  6:27  Viking x2  
  66  6:34  Supply Depot  
  66  6:35  Supply Depot  
  66  6:38  Marine x3  
  66  6:39  Marine  
  69  6:43  Marine  
  68  6:49  Siege Tank  
  71  6:55  Marine  
  71  6:56  Marine x2  
  71  6:57  Viking x2, SCV  
  71  6:58  Barracks Reactor  
  79  7:09  Marine x2  
  79  7:10  SCV  
  79  7:11  SCV x2  
  84  7:20  Marine  
  82  7:24  Marine x2  
  82  7:25  Barracks Reactor  
  80  7:42  Marine x3  
  80  7:43  Marine x3  
  85  7:44  Combat Shields  
  85  7:45  Marine  
  85  7:47  SCV x2  
  82  7:59  SCV  
  82  8:00  SCV, Marine x2  
  82  8:03  SCV  
  79  8:09  Marine x3  
  83  8:13  Liberator  
  83  8:16  Orbital Command  
  83  8:17  Armory  
  83  8:18  Siege Tank  
  85  8:24  Marine  
  85  8:25  Marine x3  
  89  8:29  Marine  
  92  8:44  Marine  
  92  8:47  Marine  
  92  8:48  Marine  
  72  8:52  Engineering Bay  
  72  8:54  Engineering Bay  
  69  8:56  Marine  
  69  8:58  Marine  
  69  9:00  SCV  
  72  9:05  Marine  
  72  9:07  SCV  
  69  9:12  Factory Tech Lab  
  69  9:13  Marine  
  69  9:14  Marine x6  
  69  9:16  Marine  
  74  9:18  SCV x2  
  74  9:19  SCV, Terran Infantry Weapons Level 1  
  74  9:20  Terran Infantry Armor Level 1  
  74  9:23  Marine, Medivac  
  80  9:27  Refinery  
  80  9:30  SCV  
  81  9:31  Marine  
  81  9:32  Marine x3  
  88  9:38  Siege Tank  
  88  9:40  Marine  
  89  9:48  Marine  
  89  9:49  Marine x4  
  89  9:50  Marine x2  
  96  9:58  Marine  
  96  9:59  Marine  
  98  10:04  SCV  
  98  10:06  Marine  
  100  10:07  Marine x4  
  99  10:16  Marine x3  
  102  10:29  Supply Depot, Terran Vehicle Weapons Level 1  
  102  10:31  Marine x6  
  102  10:33  Marine  
  102  10:34  Marine x2  
  109  10:38  SCV  
  104  10:44  Siege Tank  
  104  10:49  Marine x2  
  100  10:56  Medivac x2  
  99  10:58  Marine x6  
  105  11:12  Supply Depot  
  105  11:19  Siege Tank  
  105  11:23  Supply Depot  
  104  11:26  Medivac  
  87  11:34  SCV  
  74  11:41  SCV, Marine  
  74  11:45  Marine  
  77  11:49  Marine  
  77  11:53  Marine  
  78  12:02  Terran Infantry Armor Level 2, Terran Infantry Weapons Level 2  
  78  12:04  Orbital Command  
  78  12:09  Marine  
  78  12:10  Marine x3  
  82  12:18  Marine x2  
  83  12:25  Marine  
  71  12:36  Marine x3  
  72  12:39  Marine  
  72  12:43  Sensor Tower  
  73  12:44  Marine  
  73  12:49  Marine  
  75  12:53  Siege Tank  
  75  12:56  SCV  
  75  12:57  Marine  
  80  13:02  Marine  
  80  13:03  Marine  
  81  13:07  Marine  
  79  13:21  Marine  
  79  13:22  Missile Turret x2, Marine  
  81  13:28  Marine x2  
  83  13:40  Marine  
  83  13:41  Marine x5  
  89  13:49  Marine x3  
  92  13:58  Marine  
  90  14:16  Siege Tank, Medivac x2  
  97  14:37  Marine x3  
  90  14:55  Marine  
  90  14:57  Marine, Command Center  
  92  15:07  Marine  
  92  15:08  Marine x4  
  92  15:09  Marine  
  92  15:12  Marine  
  92  15:13  Marine  
  100  15:16  Marine  
  101  15:25  Marine  
  101  15:26  Marine x2  
  102  15:34  Marine  
  102  15:35  Marine x5  
Tags
 
Add a new tag
Caveats
  • Supply blocks, unpowered buildings, or Contaminate may cause inaccurate times.
  • Supply counts are checked every 10 seconds.